 Dungeon Crawl Stone Soup version 0.28-a0-1159-g27aa881441 (webtiles) character file.

Game seed: 12485054122594536150

894 mainiacjoe the Covert (level 8, -6/52 HPs)
             Began as an Octopode Monk on Dec 16, 2021.
             Mangled by a two-headed ogre (16 damage)
             ... on level 5 of the Dungeon.
             The game lasted 00:05:59 (3004 turns).

mainiacjoe the Covert (Octopode Monk)               Turns: 3004, Time: 00:06:00

Health: -6/52      AC:  8    Str: 12    XL:     8   Next: 6%
Magic:  8/8        EV: 14    Int: 12    God:
Gold:   205        SH:  0    Dex: 15    Spells: 5/7 levels left

rFire   . . .      SeeInvis .   a - +2 short sword (protect)
rCold   . . .      Faith    .   (no shield)
rNeg    . . .      Spirit   .   (helmet restricted)
rPois   .          Reflect  .   t - amulet of regeneration
rElec   .          Harm     .   (no ring)
rCorr   .          Rampage  .   (no ring)
Will    .....                   (no ring)
Stlth   +++++.....              (no ring)
HPRegen 0.97/turn               (no ring)
MPRegen 0.11/turn               (no ring)
                                (no ring)
                                (no ring)

@: under a protective aura
A: almost no armour, amphibious, 8 rings, camouflage 1, gelatinous body 1,
(nimble swimmer 1), tentacles
a: no special abilities


You were on level 5 of the Dungeon.
You visited 1 branch of the dungeon, and saw 5 of its levels.

You collected 205 gold pieces.

Inventory:

Hand Weapons
 a - a +2 short sword of protection (weapon)
 b - a +0 arbalest
 n - a +0 dagger of venom
 w - a +1 dire flail of protection
 y - the +8 mace of Bright Expedience {vorpal, rN+ Str-4 Int+4}
   (You found it on level 4 of the Dungeon)

   It inflicts extra damage upon your enemies.
   Str:       It affects your strength (-4).
   Int:       It affects your intelligence (+4).
   rN:        It protects you from negative energy.
Missiles
 f - 26 bolts
 h - 20 stones
 k - 2 boomerangs (quivered)
 o - 43 sling bullets
Jewellery
 i - a ring of positive energy
 t - an amulet of regeneration (around mantle)
 u - an amulet of reflection
 x - a ring of protection from cold
Scrolls
 d - a scroll of noise {unknown}
 l - a scroll of fog
 r - a scroll of immolation {unknown}
 v - a scroll of teleportation {unknown}
Potions
 c - a potion of ambrosia
 e - a potion of brilliance
 g - a potion of degeneration {unknown}
 j - a potion of attraction {unknown}
 m - 2 potions of might
 p - a potion of lignification {unknown}
 q - a potion of berserk rage {unknown}
 s - a potion of curing {unknown}
 z - a potion of cancellation {unknown}
 A - a potion of resistance {unknown}


   Skills:
 - Level 3.0 Fighting
 * Level 7.5 Short Blades
 - Level 3.0 Dodging
 + Level 8.2 Stealth
 + Level 0.6 Transmutations
 + Level 0.6 Earth Magic


You had 5 spell levels left.
You knew the following spells:

 Your Spells              Type           Power      Damage    Failure   Level
a - Passwall              Tmut/Erth      0%         N/A       36%         2

Your spell library contained the following spells:

 Spells                   Type           Power      Damage    Failure   Level
 Wereblood                Tmut           1%         N/A       36%         2
 Sublimation of Blood     Necr           0%         N/A       45%         2
 Gell's Gravitas          Tloc           0%         N/A       69%         3
 Lesser Beckoning         Tloc           0%         N/A       69%         3
 Swiftness                Air            0%         N/A       69%         3
 Teleport Other           Tloc           0%         N/A       69%         3
 Summon Hydra             Summ           0%         N/A       100%        7


Dungeon Overview and Level Annotations

Branches:
Dungeon (5/15)
 Temple: D:4-7

Altars:

Annotations:
D:4 1 transporter, random13's ghost, amateur OpTm


Innate Abilities, Weirdness & Mutations

You cannot wear most types of armour.
You are amphibious.
You can wear up to eight rings at the same time.
Your skin changes colour to match your surroundings (Stealth+).
Your rubbery body absorbs attacks. (AC +1, EV +1)
((You are camouflaged near water. (Stealth+)))
You have tentacles for arms and can constrict up to eight enemies at once.


Message History

You hit Blork the orc. You squeeze Blork the orc.
Blork the orc is almost dead.
You constrict Blork the orc.
You kill Blork the orc!
You have reached level 8!
Things that are here:
a +0 glaive; a +2 robe of cold resistance; the orc corpse of Blork the orc
B - a scroll of identify
As you read the scroll of identify, it crumbles to dust.
m - 2 potions of might Your +2 short sword of protection goes still.
b - a +0 arbalest (weapon)
f - 27 bolts (gained 1)
f - 28 bolts (gained 1)
f - 29 bolts (gained 1)
A two-headed ogre comes into view.
It is wielding a +0 giant spiked club and a +0 dire flail.
You shoot a bolt. The bolt hits the two-headed ogre!
The two-headed ogre shouts in stereo!
The two-headed ogre is moderately wounded.
You shoot a bolt. The bolt hits the two-headed ogre!
The two-headed ogre is moderately wounded.
You shoot a bolt. The bolt hits the two-headed ogre!
The two-headed ogre is heavily wounded.
Your +2 short sword of protection hums with potential!
a - a +2 short sword of protection (weapon)
The two-headed ogre hits you with a +0 giant spiked club!!
Ouch! That really hurt!
The two-headed ogre hits you with a +0 dire flail!
* * * LOW HITPOINT WARNING * * *
You are too injured to fight recklessly!
You are too injured to fight recklessly!
You aren't carrying any items that you can evoke.
Okay, then.
You hit the two-headed ogre.
Your weapon exudes an aura of protection.
The two-headed ogre is heavily wounded.
You hit the two-headed ogre. You squeeze the two-headed ogre!
The two-headed ogre is severely wounded.
The two-headed ogre hits you with a +0 giant spiked club!
You die...

...................§##.#####
...####...........§§§..#
....# ...........§§§..#
..#.# .........§.§.##
..#.### ........####.#
....... ............##
...#### ........#...###
.....# ..............##
....... (.(...O@.......#
....... ....#..##..#..##
....... . ##. #.## ..##
##..... #..#.###...##
##..... ##..........# .##...
####......# #.....
###.......## ......
####..........# ..#...
.#.........##...####


You could see a two-headed ogre.

Vanquished Creatures
  Edmund (D:4)
  A black bear (D:4)
  An ogre (D:4)
  2 phantoms
  Blork the orc (D:5)
  A scorpion (D:4)
  A hound (D:5)
  3 jellies
  A centaur skeleton (D:5)
  3 iguanas
  Terence (D:3)
  A hound skeleton (D:4)
  A howler monkey skeleton (D:4)
  2 adders
  An ufetubus (D:4)
  2 adder skeletons (D:4)
  A worm (D:2)
  2 orcs
  5 ball pythons
  6 endoplasms
  3 giant cockroaches
  5 goblins
  6 hobgoblins
  2 bats
  4 frilled lizards
  3 kobolds
  A rat (D:1)
61 creatures vanquished.

Notes
Turn   | Place    | Note
-------+----------+-------------------------------------------
     0 | D:1      | mainiacjoe the Octopode Monk began the quest for the Orb.
     0 | D:1      | Reached XP level 1. HP: 16/16 MP: 1/1
   122 | D:1      | Reached skill level 3 in Stealth
   206 | D:1      | Reached XP level 2. HP: 21/21 MP: 2/2
  1204 | D:2      | Reached skill level 4 in Stealth
  1204 | D:2      | Reached XP level 3. HP: 26/26 MP: 3/3
  1765 | D:3      | Noticed Terence
  1772 | D:3      | Killed Terence
  1773 | D:3      | Reached XP level 4. HP: 31/31 MP: 4/4
  2199 | D:4      | Reached skill level 5 in Stealth
  2199 | D:4      | Noticed a scorpion
  2202 | D:4      | Killed a scorpion
  2203 | D:4      | Reached XP level 5. HP: 36/36 MP: 5/5
  2232 | D:4      | Found a transporter.
  2236 | D:4      | Noticed random13's ghost (amateur OpTm)
  2312 | D:4      | Reached skill level 5 in Short Blades
  2312 | D:4      | Reached skill level 6 in Stealth
  2334 | D:4      | Noticed Edmund
  2349 | D:4      | Killed Edmund
  2350 | D:4      | Reached XP level 6. HP: 36/42 MP: 6/6
  2508 | D:4      | Reached XP level 7. HP: 35/46 MP: 7/7
  2532 | D:4      | Reached skill level 7 in Stealth
  2655 | D:4      | Identified the +8 mace of Bright Expedience {vorpal, rN+
                  | Str-4 Int+4}
  2772 | D:5      | Entered Level 5 of the Dungeon
  2898 | D:5      | Reached skill level 8 in Stealth
  2922 | D:5      | Learned a level 2 spell: Passwall
  2939 | D:5      | Noticed Blork the orc
  2951 | D:5      | Killed Blork the orc
  2952 | D:5      | Reached XP level 8. HP: 32/52 MP: 8/8
  2998 | D:5      | Noticed a two-headed ogre
  3004 | D:5      | Mangled by a two-headed ogre

Illustrated notes

Levels and vault maps discovered:
D:1:      eino_arrival_water_cross, layout_basic, nicolae_figureground_pulse
D:2:      layout_loops_cross
D:3:      layout_rooms, hangedman_abyss_or_decor_stabs,
          guppyfry_early_lair_pool, uniq_terence
D:4:      layout_basic, gammafunk_ghost_mausoleum, grunt_ministairs_15,
          uniq_edmund
D:5:      layout_cave_pools, general_overflow_altar, kiku_gazebo_pond_becter,
          serial_bayou_pond_d, uniq_blork_the_orc

Skill      XL: |  1  2  3  4  5  6  7 |
---------------+----------------------+-----
Stealth        | 3 4 5 6 8 |  8.2
Short Blades   | 4 5 6 7 |  7.5
Fighting       | |  3.0
Dodging        | |  3.0
Transmutations | |  0.6
Earth Magic    | |  0.6

Action                   |  1- 3 |  4- 6 |  7- 9 || total
-------------------------+-------+-------+-------++-------
Melee: Dagger            |    30 |       |       ||    30
       Short sword       |    17 |    38 |    48 ||   103
       Constrict         |    11 |     8 |     6 ||    25
       Tentacles         |     9 |    13 |     7 ||    29
 Fire: Arbalest          |       |     6 |    15 ||    21
Throw: Stone             |    27 |       |       ||    27
       Boomerang         |     5 |    36 |     8 ||    49
  Use: Scroll            |     2 |       |     2 ||     4
 Stab: Sleeping          |     5 |       |     1 ||     6
Armor: Skin              |     1 |     2 |     6 ||     9
Dodge: Dodged            |    19 |    17 |    30 ||    66

Table legend: (Time is in decaauts)
 A = Elapsed time spent in this place.
 B = Non-inter-level travel time spent in this place.
 C = Inter-level travel time spent in this place.
 D = Time resting spent in this place.
 E = Time spent auto-exploring this place.
 F = Levels seen in this place.
 G = Mean time per level.
                   A        B        C        D        E       F      G
               +--------+--------+--------+--------+--------+-----+--------+
         Total |   3002 |   2861 |    141 |     10 |   2322 |   5 |  600.4 |
       Dungeon |   3002 |   2861 |    141 |     10 |   2322 |   5 |  600.4 |
               +--------+--------+--------+--------+--------+-----+--------+

Top non-repeatable levels by time:
     D:1: 1024 daAuts
     D:2: 709 daAuts
     D:4: 621 daAuts
     D:3: 413 daAuts
     D:5: 234 daAuts
